[ AOE2 MATCH · #476239397 ]
1v1 EWFranks vs Inca
Player's team · LOSS
Rival team · WIN
[ REPLAY ANALYSIS · EXTRACTED FROM THE RECORDED GAME ]
Feudal
11:20
Castle
23:22
Imperial
—
| APM avg | 20.7 |
| APM peak | 60 |
| eAPM avg | 14.1 |
| Villagers / military | 72 / 79 |
Focus
⚔️ 36.2% · 🌾 63.8%
Throwing Axeman ×65 · Scout Cavalry ×11 · Trebuchet (Packed) ×3
Feudal
7:33
Castle
26:48
Imperial
—
| APM avg | 36.4 |
| APM peak | 74 |
| eAPM avg | 24.9 |
| Villagers / military | 133 / 62 |
Focus
⚔️ 35.9% · 🌾 64.1%
Unknown (2550) ×121 · Petard ×48 · Spearman ×12 · Monk ×1 · Trebuchet (Packed) ×1
Match map
Initial resources + every placement click. Lines = walls · curves = elevation contours. ◆ gold · ⬟ stone · ● berries · ✦ relic · ◌ wall gap
Your base· ✓ Closed at 23:22 · 34t walls · 2 gate(s)
搞不懂的根本's base· Open — opponent sealed themselves in
Smoothed initial terrain · ◌ = detected wall gap · hover for details
Inputs per minute
— tadik - - 搞不懂的根本
Build order — tadik
First 150 of 180 actions detected
| 0:00 | Create | Villager (Male) |
| 0:01 | Create | Villager (Male) |
| 0:08 | Build | Stable |
| 0:33 | Create | Villager (Male) |
| 1:00 | Build | Stable |
| 1:05 | Build | House |
| 1:06 | Build | House |
| 1:09 | Create | Scout Cavalry |
| 1:10 | Create | Villager (Male) |
| 1:28 | Build | Farm |
| 1:46 | Create | Scout Cavalry |
| 1:49 | Create | Villager (Male) |
| 1:52 | Research | Town Watch |
| 1:56 | Create | Scout Cavalry |
| 1:56 | Create | Scout Cavalry |
| 2:19 | Create | Scout Cavalry ×2 |
| 2:23 | Create | Villager (Male) |
| 2:43 | Build | Farm |
| 2:45 | Build | Farm |
| 2:47 | Build | Farm |
| 2:49 | Create | Villager (Male) |
| 2:58 | Create | Scout Cavalry |
| 3:11 | Build | Farm |
| 3:14 | Build | House |
| 3:17 | Build | House |
| 3:19 | Build | House |
| 3:21 | Build | House |
| 3:25 | Create | Villager (Male) |
| 3:31 | Create | Scout Cavalry |
| 3:31 | Create | Scout Cavalry |
| 3:48 | Create | Scout Cavalry |
| 3:48 | Create | Scout Cavalry |
| 3:55 | Create | Villager (Male) |
| 3:59 | Build | Farm |
| 4:03 | Build | Farm |
| 4:03 | Build | Farm |
| 4:04 | Build | Farm |
| 4:04 | Build | Farm |
| 4:05 | Build | Farm |
| 4:06 | Build | Farm |
| 4:07 | Build | Farm |
| 4:16 | Create | Villager (Male) |
| 4:42 | Research | Forging |
| 4:50 | Build | Farm |
| 4:52 | Create | Villager (Male) |
| 4:52 | Create | Villager (Male) |
| 5:13 | Create | Villager (Male) |
| 5:14 | Create | Villager (Male) |
| 5:32 | Create | Villager (Male) |
| 5:33 | Create | Villager (Male) |
| 5:55 | Create | Villager (Male) |
| 6:22 | Create | Villager (Male) |
| 6:55 | Create | Villager (Male) |
| 7:13 | Build | House |
| 7:14 | Build | House |
| 7:20 | Build | Farm |
| 7:20 | Build | Farm |
| 7:20 | Build | Farm |
| 7:21 | Build | Farm |
| 7:26 | Research | Double-Bit Axe |
| 7:37 | Create | Villager (Male) |
| 7:58 | Build | Market |
| 8:13 | Build | Outpost |
| 8:21 | Create | Villager (Male) |
| 8:35 | Build | Farm |
| 8:35 | Build | Farm |
| 8:35 | Build | Farm |
| 8:35 | Build | Farm |
| 8:36 | Build | Farm |
| 8:37 | Build | Farm |
| 8:40 | Research | Castle Age |
| 8:53 | Build | Stone Wall |
| 8:58 | Build | Gate |
| 9:11 | Build | Stone Wall |
| 9:16 | Build | Gate |
| 9:25 | Build | Mining Camp |
| 9:30 | Build | Stone Wall |
| 9:43 | Create | Villager (Male) |
| 9:43 | Create | Villager (Male) |
| 10:10 | Build | Farm |
| 10:10 | Build | Farm |
| 10:10 | Build | Farm |
| 10:11 | Build | Farm |
| 10:12 | Build | Farm |
| 10:42 | Create | Villager (Male) |
| 11:20 | Age | Feudal Age |
| 11:23 | Create | Villager (Male) |
| 11:23 | Create | Villager (Male) |
| 11:46 | Build | Castle |
| 12:02 | Build | Town Center |
| 12:35 | Build | Town Center |
| 12:44 | Research | Wheelbarrow |
| 13:03 | Research | Padded Archer Armor |
| 13:05 | Research | Fletching |
| 13:07 | Create | Villager (Male) |
| 13:07 | Create | Villager (Male) |
| 13:27 | Create | Villager (Male) |
| 13:28 | Create | Villager (Male) |
| 13:48 | Build | Mining Camp |
| 13:51 | Create | Throwing Axeman ×5 |
| 13:52 | Create | Throwing Axeman ×5 |
| 13:57 | Create | Villager (Male) ×5 |
| 14:09 | Create | Throwing Axeman |
| 14:12 | Create | Villager (Male) |
| 14:12 | Create | Villager (Male) |
| 14:13 | Create | Villager (Male) |
| 14:32 | Create | Villager (Male) |
| 14:47 | Create | Throwing Axeman ×2 |
| 14:49 | Create | Villager (Male) |
| 14:49 | Create | Villager (Male) |
| 14:55 | Research | Bow Saw |
| 15:19 | Create | Villager (Male) |
| 15:19 | Create | Villager (Male) |
| 15:36 | Research | Hand Cart |
| 15:56 | Create | Villager (Male) |
| 15:56 | Create | Villager (Male) |
| 16:10 | Create | Throwing Axeman |
| 16:10 | Create | Throwing Axeman |
| 16:10 | Create | Throwing Axeman |
| 16:10 | Create | Throwing Axeman |
| 16:14 | Create | Villager (Male) |
| 16:14 | Create | Villager (Male) |
| 16:22 | Build | University |
| 16:24 | Create | Villager (Male) |
| 16:35 | Research | Bodkin Arrow |
| 16:35 | Research | Bodkin Arrow |
| 16:43 | Create | Villager (Male) |
| 16:43 | Create | Villager (Male) |
| 16:52 | Create | Villager (Male) |
| 16:52 | Create | Villager (Male) |
| 17:31 | Create | Villager (Male) |
| 17:32 | Create | Villager (Male) |
| 17:32 | Create | Villager (Male) |
| 17:38 | Create | Throwing Axeman ×5 |
| 17:56 | Research | Ballistics |
| 17:58 | Create | Villager (Male) |
| 17:58 | Create | Villager (Male) |
| 18:37 | Create | Villager (Male) |
| 18:38 | Create | Villager (Male) |
| 18:46 | Create | Villager (Male) |
| 19:11 | Create | Villager (Male) |
| 19:11 | Create | Villager (Male) |
| 19:11 | Create | Villager (Male) |
| 19:12 | Create | Villager (Male) |
| 19:46 | Create | Villager (Male) |
| 19:46 | Create | Villager (Male) |
| 19:46 | Create | Villager (Male) |
| 19:54 | Create | Villager (Male) |
| 19:54 | Create | Villager (Male) |
| 19:54 | Create | Villager (Male) |
Build order — 搞不懂的根本
First 150 of 376 actions detected
| 0:00 | Create | Villager (Male) |
| 0:01 | Create | Villager (Male) |
| 0:09 | Research | Double-Bit Axe |
| 0:49 | Create | Villager (Male) |
| 0:51 | Research | Horse Collar |
| 0:51 | Research | Horse Collar |
| 0:54 | Build | Farm |
| 0:56 | Build | Farm |
| 0:59 | Build | Farm |
| 1:04 | Build | Farm |
| 1:08 | Create | Spearman |
| 1:14 | Create | Villager (Male) |
| 1:27 | Create | Villager (Male) |
| 1:37 | Build | House |
| 1:40 | Build | Palisade Wall |
| 1:51 | Build | House |
| 1:56 | Build | Palisade Wall |
| 2:04 | Create | Villager (Male) |
| 2:34 | Create | Villager (Male) |
| 2:39 | Build | Farm |
| 2:42 | Build | Farm |
| 2:44 | Create | Villager (Male) |
| 2:48 | Build | Farm |
| 2:58 | Create | Spearman |
| 3:05 | Build | Palisade Wall |
| 3:20 | Create | Villager (Male) |
| 3:28 | Build | Farm |
| 3:36 | Build | Blacksmith |
| 3:47 | Build | Market |
| 3:53 | Create | Villager (Male) |
| 4:26 | Create | Villager (Male) |
| 4:33 | Build | House |
| 4:53 | Research | Castle Age |
| 5:11 | Build | House |
| 5:16 | Build | House |
| 5:20 | Build | Palisade Wall |
| 5:27 | Create | Spearman |
| 5:29 | Build | House |
| 5:35 | Build | Palisade Gate |
| 5:41 | Build | House |
| 5:46 | Build | House |
| 5:47 | Build | House |
| 5:50 | Build | House |
| 5:58 | Create | Spearman |
| 5:58 | Create | Spearman |
| 6:59 | Research | Scale Mail Armor |
| 7:11 | Build | Palisade Gate |
| 7:20 | Build | House |
| 7:22 | Build | Palisade Wall |
| 7:25 | Build | Farm |
| 7:28 | Build | Farm |
| 7:33 | Build | Farm |
| 7:33 | Age | Feudal Age |
| 7:36 | Research | Bow Saw |
| 7:37 | Create | Villager (Male) |
| 7:54 | Research | Pikeman (upgrade) |
| 8:07 | Build | Town Center |
| 8:09 | Create | Villager (Male) |
| 8:18 | Build | Town Center |
| 8:21 | Create | Villager (Male) |
| 8:30 | Build | Town Center |
| 8:38 | Build | House |
| 8:43 | Build | House |
| 8:50 | Create | Villager (Male) |
| 9:22 | Create | Villager (Male) |
| 9:25 | Research | Wheelbarrow |
| 9:25 | Research | Wheelbarrow |
| 9:44 | Create | Villager (Male) |
| 9:46 | Build | Farm |
| 9:47 | Build | Farm |
| 9:51 | Build | Farm |
| 9:59 | Create | Villager (Male) |
| 9:59 | Create | Villager (Male) |
| 10:00 | Create | Villager (Male) |
| 10:02 | Build | Farm |
| 10:08 | Build | Farm |
| 10:09 | Build | Farm |
| 10:16 | Create | Villager (Male) |
| 10:26 | Create | Villager (Male) |
| 10:26 | Create | Villager (Male) |
| 10:36 | Build | Farm |
| 10:39 | Build | Farm |
| 10:44 | Create | Villager (Male) |
| 10:44 | Create | Villager (Male) |
| 10:48 | Build | Farm |
| 10:53 | Build | Farm |
| 10:55 | Build | Farm |
| 10:56 | Create | Villager (Male) |
| 11:20 | Build | Settlement |
| 11:22 | Create | Villager (Male) |
| 11:23 | Create | Villager (Male) |
| 11:23 | Create | Villager (Male) |
| 11:25 | Create | Villager (Male) |
| 11:39 | Build | Farm |
| 11:43 | Research | Heavy Plow |
| 11:44 | Create | Villager (Male) |
| 11:45 | Create | Villager (Male) |
| 11:50 | Build | Farm |
| 11:55 | Create | Villager (Male) |
| 11:55 | Create | Villager (Male) |
| 11:56 | Build | Farm |
| 11:57 | Build | Farm |
| 11:59 | Build | Farm |
| 12:01 | Create | Villager (Male) |
| 12:04 | Create | Villager (Male) |
| 12:05 | Create | Villager (Male) |
| 12:05 | Create | Villager (Male) |
| 12:08 | Build | Farm |
| 12:13 | Create | Villager (Male) |
| 12:13 | Create | Villager (Male) |
| 12:27 | Create | Villager (Male) |
| 12:27 | Create | Villager (Male) |
| 12:31 | Create | Villager (Male) |
| 12:32 | Create | Villager (Male) |
| 12:33 | Create | Villager (Male) |
| 12:34 | Create | Villager (Male) |
| 12:34 | Create | Villager (Male) |
| 12:40 | Create | Villager (Male) |
| 12:49 | Build | Farm |
| 12:50 | Build | Farm |
| 12:51 | Build | Farm |
| 12:53 | Build | Farm |
| 12:59 | Create | Villager (Male) |
| 12:59 | Create | Villager (Male) |
| 13:00 | Create | Spearman |
| 13:10 | Create | Villager (Male) |
| 13:10 | Create | Villager (Male) |
| 13:10 | Create | Villager (Male) |
| 13:17 | Build | Barracks |
| 13:20 | Create | Villager (Male) |
| 13:24 | Create | Villager (Male) |
| 13:24 | Create | Villager (Male) |
| 13:26 | Create | Spearman |
| 13:35 | Build | Farm |
| 13:36 | Create | Villager (Male) |
| 13:46 | Create | Villager (Male) |
| 13:47 | Create | Villager (Male) |
| 13:56 | Build | Farm |
| 13:57 | Build | Farm |
| 13:58 | Build | Farm |
| 14:04 | Research | Hand Cart |
| 14:04 | Research | Town Watch |
| 14:06 | Create | Villager (Male) |
| 14:21 | Build | Farm |
| 14:22 | Build | Farm |
| 14:23 | Create | Villager (Male) |
| 14:24 | Create | Villager (Male) |
| 14:24 | Create | Villager (Male) |
| 14:31 | Research | Squires |
| 14:31 | Create | Spearman |
Match timeline
| 0:08 | tadik · first_building Stable |
| 1:40 | 搞不懂的根本 · wall_segment Palisade Wall x9 |
| 1:56 | 搞不懂的根本 · wall_segment Palisade Wall x18 |
| 3:05 | 搞不懂的根本 · wall_segment Palisade Wall x12 |
| 4:51 | 搞不懂的根本 · first_market_buy 100 food |
| 4:52 | 搞不懂的根本 · first_market_sell 100 wood |
| 5:20 | 搞不懂的根本 · wall_segment Palisade Wall x7 |
| 7:22 | 搞不懂的根本 · wall_segment Palisade Wall x4 |
| 7:33 | 搞不懂的根本 · age_up feudal |
| 8:53 | tadik · wall_segment Stone Wall x14 |
| 9:11 | tadik · wall_segment Stone Wall x11 |
| 9:30 | tadik · wall_segment Stone Wall x1 |
| 11:20 | tadik · age_up feudal |
| 11:28 | tadik · first_market_sell 500 food |
| 11:30 | tadik · first_market_buy 100 stone |
| 11:46 | tadik · first_building Castle |
| 13:17 | 搞不懂的根本 · first_building Barracks |
| 14:48 | 搞不懂的根本 · wall_segment Stone Wall x10 |
| 14:52 | 搞不懂的根本 · wall_segment Stone Wall x8 |
| 14:53 | 搞不懂的根本 · wall_segment Stone Wall x1 |
| 14:54 | 搞不懂的根本 · wall_segment Stone Wall x1 |
| 14:55 | 搞不懂的根本 · wall_segment Stone Wall x1 |
| 14:56 | 搞不懂的根本 · wall_segment Stone Wall x1 |
| 14:57 | 搞不懂的根本 · wall_segment Stone Wall x1 |
| 14:58 | 搞不懂的根本 · wall_segment Stone Wall x1 |
| 14:59 | 搞不懂的根本 · wall_segment Stone Wall x1 |
| 15:00 | 搞不懂的根本 · wall_segment Stone Wall x1 |
| 15:01 | 搞不懂的根本 · wall_segment Stone Wall x1 |
| 15:17 | 搞不懂的根本 · first_building Monastery |
| 18:35 | 搞不懂的根本 · wall_segment Stone Wall x1 |
| 21:01 | tadik · wall_segment Stone Wall x1 |
| 22:49 | tadik · wall_segment Stone Wall x7 |
| 23:22 | tadik · age_up castle |
| 24:18 | 搞不懂的根本 · first_building Castle |
| 24:24 | 搞不懂的根本 · first_building Archery Range |
| 26:48 | 搞不懂的根本 · age_up castle |
| 28:02 | tadik · wall_segment Stone Wall x3 |
| 30:47 | tadik · resign |
[ AI ANALYSIS · 1 CREDIT ]
What really happened in this match?
Wolo.gg analyzes every decision: build order, eco, micro, common mistakes by bracket. Personalized analysis on WhatsApp or Discord in 30 seconds.
Civ guide
Franks
Map guide
Karsts
Perfil
tadik